 Dungeon Crawl Stone Soup version 0.18.1-8-gdd0e5ea (webtiles) character file.

6085 sugabear the Blocker (level 10, -2/56 HPs)
             Began as a Vine Stalker Gladiator on June 5, 2016.
             Was an Elder of Ru.
             Slain by Maud
             ... wielding a +6 great mace of draining
              (6 damage)
             ... on level 2 of the Orcish Mines.
             The game lasted 00:14:21 (9612 turns).

sugabear the Blocker (Vine Stalker Gladiator)       Turns: 9612, Time: 00:14:22

Health: -2/56      AC:  9    Str: 18    XL:     10   Next: 88%
Magic:  0/11       EV:  8    Int: 10    God:    Ru [****..]
Gold:   489        SH: 13    Dex: 20    Spells: 0 memorised, 9 levels left

rFire  . . .     SeeInvis .     s - +4 scimitar (flame)
rCold  . . .     Gourm    .     E - +0 chain mail {MR+}
rNeg   . . .     Faith    .     h - +2 shield
rPois  .         Spirit   +     c - +0 helmet
rElec  .         Dismiss  .     q - +0 cloak
rCorr  .         Reflect  .     (no gloves)
SustAt .         Harm     .     L - +0 pair of boots
MR     ++...                    (no amulet)
Stlth  ++........               l - ring of stealth
                                x - ring of stealth

@: heavily drained, very resistant to hostile enchantments, unstealthy
A: fangs 3, agile 1, clever 1, deformed body, regeneration 2, robust 1, magic
shield, antimagic bite, no device heal 3, rot immunity, inability to use
devices, no air magic, no necromancy magic, no summoning magic
a: Draw Out Power, Power Leap, Renounce Religion


You were on level 2 of the Orcish Mines.
You worshipped Ru.
Ru was greatly pleased with you.
You were not hungry.

You visited 3 branches of the dungeon, and saw 12 of its levels.

You collected 489 gold pieces.

Inventory:

Hand Weapons
 j - a +1 dagger of venom
 s - a +4 scimitar of flaming (weapon)
 t - a +1 short sword of electrocution
 N - a +2 dagger of electrocution
 R - a +1 morningstar of holy wrath
Missiles
 d - a throwing net (quivered)
 D - 8 javelins
Armour
 c - a +0 helmet (worn)
 h - a +2 shield (worn)
 q - a +0 cloak (worn)
 E - a +0 chain mail of magic resistance (worn)
 F - a +2 robe of positive energy
 L - a +0 pair of boots (worn)
Jewellery
 l - a ring of stealth (right hand)
 x - a ring of stealth (left hand)
 G - an uncursed ring of magical power
Scrolls
 e - 6 scrolls of identify
 k - a scroll of blinking {unknown}
 m - a scroll of remove curse
 o - 7 scrolls of teleportation {unknown}
 p - 4 scrolls of recharging {unknown}
 r - 3 scrolls of magic mapping {unknown}
 u - 3 scrolls of fog {unknown}
 y - a scroll of amnesia {unknown}
 M - a scroll of fear {unknown}
 O - a scroll of enchant weapon {unknown}
Potions
 g - a potion of degeneration {unknown}
 i - 2 potions of curing
 n - a potion of agility {unknown}
 w - a potion of ambrosia {unknown}
 z - a potion of berserk rage {unknown}
 A - 2 potions of flight {unknown}
 B - a potion of cure mutation {unknown}
 C - 2 potions of brilliance {unknown}
 H - a potion of mutation {unknown}
 I - a potion of lignification {unknown}
 J - a potion of might {unknown}
Books
 a - a book of Envenomations

   Spells                             Type                      Level
   a - Spider Form                    Transmutation/Poison         3
   b - Olgreb's Toxic Radiance        Poison                       4
   c - Alistair's Intoxication        Transmutation/Poison         5
   d - Poisonous Cloud                Conjuration/Poison/Air       6
 v - a book of Misfortune

   Spells                             Type                      Level
   a - Confusing Touch                Hexes                        2
   b - Confuse                        Hexes                        3
   c - Gell's Gravitas                Hexes/Translocation          3
   d - Petrify                        Transmutation/Earth          4
   e - Metabolic Englaciation         Hexes/Ice                    5
   f - Yara's Violent Unravelling     Hexes/Transmutation          5
Comestibles
 b - 10 meat rations
 f - 10 bread rations
 K - 2 beef jerkies
 P - 7 slices of pizza
 Q - a royal jelly


   Skills:
 + Level 5.1(3.3) Fighting
 + Level 2.8(1.7) Short Blades
 + Level 3.0(1.8) Long Blades
   Level 3.0(1.3) Polearms
 + Level 2.2(0.6) Throwing
 + Level 6.3(4.4) Armour
 + Level 5.9(4.0) Dodging
 + Level 5.1(3.3) Stealth
 + Level 8.2(6.2) Shields


You had 9 spell levels left.
You didn't know any spells.

Dungeon Overview and Level Annotations

Branches:
Dungeon (9/15)             Temple (1/1) D:4             Orc (2/2) D:9
    Elf (0/3) Orc:2
   Lair: D:8-11

Altars:
Ashenzari
Cheibriados
Dithmenos
Elyvilon
Fedhas
Gozag
Kikubaaqudgha
Makhleb
Nemelex Xobeh
Okawaru
Pakellas
Qazlal
Ru
Sif Muna
Trog
Vehumet
Xom
Yredelemnul
Zin
The Shining One
Beogh

Annotations:
Orc:2 Maud


Innate Abilities, Weirdness & Mutations

You have razor-sharp teeth.
You heal very quickly.
When hurt, damage is shared between your health and your magic reserves.
Your bite disrupts and absorbs the magic of your enemies.
Potions and wands cannot restore your health.
You are immune to rotting.
You cannot study or use magical devices.
You cannot study or cast Air magic.
You cannot study or cast Necromancy magic.
You cannot study or cast Summoning magic.
You are agile. (Dex +2)
Your mind is acute. (Int +2)
Armour fits poorly on your strangely shaped body.
You are robust (+10% HP).


Message History

Maud is severely wounded.
Maud screams, "Give me that sword!
Immediately!"
Maud struggles against the net.
You hit Maud but do no damage. You bite Maud. You drain her power.
You feel invigorated.
Maud is severely wounded.
Maud struggles against the net.
Maud struggles to escape the net.
You slash Maud! You burn Maud. You bite Maud, but do no damage.
Maud is severely wounded.
Maud struggles against the net.
You slash Maud! You burn Maud.
Maud is almost dead.
Maud struggles against the net.
The net rips apart, and Maud comes free!
You hit Maud. You burn Maud. You bite Maud, but do no damage.
Maud is almost dead.
Maud hits you with a great mace of draining!
* * * LOW HITPOINT WARNING * * *
You feel drained.
You die...

........#.......
................
.......<........
.........#.....#
#...............
................
................
........@.......
..>.....@.......
................
................
...#.#..##....##
....##.## .....#
...# .. ......
$. ##. .....# ##
....#


You could see Maud.

Vanquished Creatures
  Erica (D:8)
  A troll (D:9)
  Sigmund (D:6)
  4 yaks
  A human (D:8)
  A hungry ghost (D:9)
  Edmund (D:5)
  Menkaure (D:6)
  3 water moccasins
  9 orc warriors
  An ice beast (D:6)
  A sky beast (D:8)
  A necrophage (D:9)
  2 centaurs
  3 ogres
  4 giant frogs
  A big kobold (D:9)
  2 scorpions
  A howler monkey (D:5)
  12 wights
  2 crimson imps
  2 giant frog zombies (D:7)
  A quasit (D:8)
  5 hounds
  A jelly (D:7)
  5 orc priests
  A centaur skeleton (D:7)
  2 giant frog skeletons (D:9)
  4 orc wizards
  Natasha (thrice) (D:2)
  2 iguanas
  3 worker ants (D:4)
  3 sheep (D:8)
  5 gnolls
  7 adders
  4 shadow imps
  2 worms
  A dart slug (D:3)
  5 giant geckos
  37 orcs
  2 giant cockroaches
  4 goblins
  11 hobgoblins
  9 jackals
  18 kobolds
  6 quokkas
  2 ball pythons
  12 bats
  4 giant newts
  A jackal skeleton (D:4)
  11 rats
226 creatures vanquished.

Vanquished Creatures (others)
  A plant (D:3)
1 creature vanquished.

Grand Total: 227 creatures vanquished

Notes
Turn   | Place    | Note
--------------------------------------------------------------
     0 | D:1      | sugabear the Vine Stalker Gladiator began the quest for the Orb.
     0 | D:1      | Reached XP level 1. HP: 11/11 MP: 2/2
   239 | D:1      | Reached XP level 2. HP: 6/15 MP: 3/3
   833 | D:1      | Reached XP level 3. HP: 18/18 MP: 2/4
   939 | D:2      | Found a faded altar to an unknown god.
  1220 | D:2      | Noticed Natasha
  1230 | D:2      | Killed Natasha
  1230 | D:2      | Reached skill level 1 in Stealth
  1230 | D:2      | Reached skill level 1 in Shields
  1230 | D:2      | Reached XP level 4. HP: 8/23 MP: 2/5
  1333 | D:2      | Noticed Natasha
  1338 | D:2      | Killed Natasha
  1338 | D:2      | Reached skill level 1 in Armour
  1404 | D:2      | Noticed Natasha
  1419 | D:2      | Killed Natasha
  1419 | D:2      | Reached XP level 5. HP: 12/27 MP: 3/6
  2896 | D:4      | Reached skill level 2 in Shields
  3071 | D:4      | Gained mutation: You heal very quickly. [Vine Stalker growth]
  3071 | D:4      | Reached XP level 6. HP: 25/32 MP: 7/7
  3611 | D:4      | Found a burning altar of Makhleb.
  3877 | D:4      | Found a staircase to the Ecumenical Temple.
  4046 | Temple   | Entered the Ecumenical Temple
  4113 | Temple   | Became a worshipper of Ru the Awakened
  4216 | D:5      | Entered Level 5 of the Dungeon
  4283 | D:5      | Noticed Edmund
  4291 | D:5      | Killed Edmund
  4291 | D:5      | Reached skill level 3 in Shields
  4291 | D:5      | Reached XP level 7. HP: 9/35 MP: 2/8
  4518 | D:5      | Found a shadowy altar of Dithmenos.
  5418 | D:6      | Reached skill level 1 in Short Blades
  5599 | D:6      | Gained mutation: You have razor-sharp teeth. [Vine Stalker growth]
  5599 | D:6      | Reached XP level 8. HP: 28/40 MP: 9/9
  5746 | D:6      | Gained mutation: You cannot study or use magical devices. [Ru sacrifice]
  5746 | D:6      | Reached * piety under Ru
  5746 | D:6      | Reached ** piety under Ru
  5746 | D:6      | Reached *** piety under Ru
  5781 | D:6      | Reached skill level 4 in Shields
  5956 | D:6      | Noticed Menkaure
  5962 | D:6      | Killed Menkaure
  6083 | D:6      | Noticed Sigmund
  6116 | D:6      | Killed Sigmund
  6459 | D:7      | Found a bloodstained altar of Trog.
  6472 | D:7      | Found a burning altar of Makhleb.
  6475 | D:7      | Found a white marble altar of Elyvilon.
  6478 | D:7      | Found a stormy altar of Qazlal.
  6510 | D:7      | Reached skill level 5 in Shields
  6517 | D:7      | Reached XP level 9. HP: 39/45 MP: 10/10
  6591 | D:7      | Reached skill level 5 in Armour
  6719 | D:7      | Found a basalt altar of Yredelemnul.
  6927 | D:8      | Reached skill level 6 in Shields
  7176 | D:8      | Noticed Erica
  7186 | D:8      | Killed Erica
  7186 | D:8      | Reached skill level 5 in Dodging
  7186 | D:8      | Reached skill level 7 in Shields
  7205 | D:8      | Found a deep blue altar of Sif Muna.
  7283 | D:8      | Reached XP level 10. HP: 43/50 MP: 11/11
  7287 | D:8      | Gained mutation: You are robust (+10% HP). [mutagenic meat]
  7288 | D:8      | Gained mutation: Your mind is acute. (Int +2) [mutagenic meat]
  7289 | D:8      | Gained mutation: Armour fits poorly on your strangely shaped body. [mutagenic meat]
  7290 | D:8      | Gained mutation: You are agile. (Dex +2) [mutagenic meat]
  7521 | D:8      | Gained mutation: You cannot study or cast Air magic. [Ru sacrifice]
  7521 | D:8      | Gained mutation: You cannot study or cast Necromancy magic. [Ru sacrifice]
  7521 | D:8      | Gained mutation: You cannot study or cast Summoning magic. [Ru sacrifice]
  7521 | D:8      | Reached **** piety under Ru
  7760 | D:8      | Reached skill level 1 in Long Blades
  8068 | D:9      | Found a sparkling altar of Nemelex Xobeh.
  8068 | D:9      | Found an iron altar of Okawaru.
  8459 | D:9      | Found a roughly hewn altar of Beogh.
  8459 | D:9      | Found a staircase to the Orcish Mines.
  8813 | D:9      | Reached skill level 8 in Shields
  9145 | D:9      | Reached skill level 5 in Stealth
  9148 | D:9      | Reached skill level 5 in Fighting
  9472 | Orc:1    | Entered Level 1 of the Orcish Mines
  9566 | Orc:2    | Entered Level 2 of the Orcish Mines
  9566 | Orc:2    | Found a staircase to the Elven Halls.
  9581 | Orc:1    | Noticed Maud
  9582 | Orc:1    | Found a roughly hewn altar of Beogh.
  9583 | Orc:1    | Noticed an orc knight
  9612 | Orc:2    | Slain by Maud

Skill      XL: |  1  2  3  4  5  6  7  8  9 10 |
---------------+-------------------------------+-----
Throwing       | 2 |  2.2
Fighting       | 2 3 4 5 |  5.1
Stealth        | 1 2 3 5 |  5.1
Shields        | 1 2 3 5 7 8 |  8.2
Armour         | 1 2 3 4 5 6 |  6.3
Dodging        | 3 4 5 |  5.9
Polearms       | 3 |  3.0
Short Blades   | 1 2 |  2.8
Long Blades    | 3 |  3.0

Action                   |  1- 3 |  4- 6 |  7- 9 | 10-12 || total
-------------------------+-------+-------+-------+-------++-------
Melee: Trident           |   127 |   184 |       |       ||   311
       Bite              |    25 |    57 |   111 |    68 ||   261
       Short sword       |       |   100 |   146 |       ||   246
       Dagger            |       |       |   199 |       ||   199
       Scimitar          |       |       |    13 |   200 ||   213
Throw: Throwing net      |       |     1 |       |     2 ||     3
Invok: Sacrifice Artific |       |       |     1 |       ||     1
       Draw Out Power    |       |       |       |     1 ||     1
       Sacrifice Arcana  |       |       |       |     1 ||     1
  Use: Scroll            |       |       |     2 |     2 ||     4
 Stab: Sleeping          |       |     3 |       |     4 ||     7
       Invisible         |       |       |     1 |     5 ||     6
       Distracted        |       |       |     1 |     1 ||     2
       Held in net/web   |       |       |       |     2 ||     2
       Paralysed         |       |       |       |     2 ||     2
  Eat: Chunk             |     1 |     7 |     5 |    12 ||    25
       Royal jelly       |       |     1 |       |       ||     1
       Bread ration      |       |       |     1 |       ||     1
       Pizza             |       |       |     1 |       ||     1
       Beef jerky        |       |       |       |     1 ||     1
Armor: Leather armour    |     4 |    48 |       |       ||    52
       Ring mail         |    29 |    57 |       |       ||    86
       Chain mail        |       |       |   146 |    37 ||   183
Dodge: Dodged            |    45 |   112 |    88 |    61 ||   306
Block: Shield            |    67 |   185 |   202 |   144 ||   598
